 Dungeon Crawl Stone Soup version 0.23.0-3-gf3c87f2df8 (webtiles) character file.

Game seed: 17901088842674640167

1166 2Bob the Fighter (level 8, -1/71 HPs)
             Began as a Gnoll Wanderer on Feb 22, 2019.
             Was an Elder of Ru.
             Engulfed by an ice statue's freezing vapour (25 damage)
             ... on level 8 of the Dungeon.
             The game lasted 00:20:41 (8031 turns).

2Bob the Fighter (Gnoll Wanderer)                   Turns: 8031, Time: 00:20:42

Health: -1/71      AC: 15    Str: 20    XL:     8   Next: 40%
Magic:  11/15      EV: 17    Int: 13    God:    Ru [****..]
Gold:   329        SH:  5    Dex: 16    Spells: 16/16 levels left

rFire    + . .     SeeInvis +   g - +4 spear of False Accusations {drain, rElec rN+ MR+ Dex+2}
rCold    . . .     Gourm    .   i - +0 buckler
rNeg     + . .     Faith    .   w - +3 leather armour of Hangman {+Inv MR- SInv}
rPois    .         Spirit   .   y - +0 hat
rElec    +         Reflect  .   l - +1 cloak
rCorr    .         Harm     .   (no gloves)
MR       +....                  p - +2 pair of boots
Stlth    +++.......             (no amulet)
HPRegen  0.21/turn              j - +3 ring of protection
MPRegen  0.14/turn              q - +2 ring of evasion

@: exhausted, very slightly contaminated, invisible
A: distributed training, fangs 1, fire resistance 1, magic resistance 1,
evolution 1, unskilled 1, inexperienced 1, strong nose
a: Draw Out Power, Power Leap, Renounce Religion


You were on level 8 of the Dungeon.
You worshipped Ru.
Ru was greatly pleased with you.
You were not hungry.

You visited 1 branch of the dungeon, and saw 8 of its levels.

You collected 537 gold pieces.
You spent 208 gold pieces at shops.

Inventory:

Hand Weapons
 b - a +0 short sword
 g - the +4 spear of False Accusations (weapon) {drain, rElec rN+ MR+ Dex+2}
   (You found it on level 6 of the Dungeon)

   A truly terrible weapon, it drains the life of those it strikes.
   It affects your dexterity (+2).
   It insulates you from electricity.
   It protects you from negative energy.
   It affects your resistance to hostile enchantments.
 n - a +2 dagger of holy wrath
 s - a +4 quarterstaff of chaos
 E - a +1 hunting sling of flaming
Missiles
 F - a throwing net (quivered)
Armour
 a - a +2 scale mail
 i - a +0 buckler (worn)
 l - a +1 cloak (worn)
 p - a +2 pair of boots (worn)
 w - the +3 leather armour of Hangman (worn) {+Inv MR- SInv}
   (You found it on level 4 of the Dungeon)

   It affects your resistance to hostile enchantments.
   It lets you see invisible.
   It lets you turn invisible.
 y - a +0 hat (worn)
 I - a +2 leather armour of magic resistance
Jewellery
 j - a +3 ring of protection (left hand)
 o - an uncursed ring of fire
 q - a +2 ring of evasion (right hand)
 u - an uncursed ring of protection from cold {unknown}
Wands
 t - a wand of enslavement (3)
 B - a wand of iceblast (1)
Scrolls
 c - 9 scrolls of teleportation {@r3!r}
 k - 6 scrolls of remove curse
 m - 3 scrolls of enchant weapon
 r - 2 scrolls of noise {unknown}
 v - 5 scrolls of identify {@r1}
 A - 2 scrolls of amnesia
 D - a scroll of fog {@r4!r}
Potions
 e - 3 potions of curing {@q1}
 f - 2 potions of berserk rage
 h - 3 potions of heal wounds {@q2}
 z - a potion of invisibility
 C - a potion of cancellation {unknown}
 G - a potion of flight {unknown}
 H - a potion of agility {unknown}
Comestibles
 d - 12 rations
 x - a chunk of flesh


   Skills:
 + Level 9.2 Fighting
 + Level 6.3 Short Blades
 + Level 4.7 Long Blades
 + Level 4.7 Axes
 + Level 4.7 Maces & Flails
 + Level 4.7 Polearms
 + Level 4.7 Staves
 + Level 4.7 Slings
 + Level 4.7 Bows
 + Level 4.7 Crossbows
 + Level 4.7 Throwing
 + Level 5.3 Armour
 + Level 5.3 Dodging
 + Level 4.7 Stealth
 + Level 4.7 Shields
 + Level 4.7 Unarmed Combat
 + Level 4.7 Spellcasting
 + Level 3.8 Conjurations
 + Level 3.8 Hexes
 + Level 3.8 Charms
 + Level 3.8 Summonings
 + Level 3.8 Necromancy
 + Level 3.8 Translocations
 + Level 3.8 Transmutations
 + Level 3.8 Fire Magic
 + Level 3.8 Ice Magic
 + Level 3.8 Air Magic
 + Level 3.8 Earth Magic
 + Level 3.8 Poison Magic
 + Level 5.1 Invocations
 + Level 6.3 Evocations


You had 16 spell levels left.
You didn't know any spells.
Your spell library was empty.

Dungeon Overview and Level Annotations

Branches:
Dungeon (8/15)             Temple (0/1) D:6
   Lair: D:8-11

Altars:
Ashenzari
Elyvilon
Gozag
Hepliaklqana
Nemelex Xobeh
Qazlal
Ru
Trog
Uskayaw
The Shining One

Shops:
D:6 !   D:7 (*

Annotations:
D:8 exclusion: ice statue


Innate Abilities, Weirdness & Mutations

Your experience applies equally to all skills.
You have very sharp teeth.
You are somewhat unskilled. (-1 Apt)
You are somewhat inexperienced. (-2 XL)
Your uncanny sense of smell can sniff out nearby items.
Your flesh is heat resistant. (rF+)
You are resistant to hostile enchantments. (MR+)
You evolve.


Message History

Okay, then.
You feel much better.
You are engulfed in freezing vapours.
The ice statue gestures at you. The bolt of cold hits you!
* * * LOW HITPOINT WARNING * * *
The bolt of cold hits the ice beast.
The ice beast completely resists.
You block the ice beast's attack.
It was a potion of invisibility.
You fade into invisibility!
You are engulfed in freezing vapours.
* * * LOW HITPOINT WARNING * * *
You redirect the ice statue's attack!
The ice statue gestures.
The ice beast barely misses you.
You are very lightly contaminated with residual magic.
You catch the helpless ice statue completely off-guard!
You puncture the ice statue!
The ice statue is heavily damaged.
You are engulfed in freezing vapours.
You die...

....#######...#######............
.....# ###########'####.##.###
.....# #......(............
.....# #.............##.###
.....# #..............#.# .....#
#..............#.# .#####
##############...# .# #8# ##..#
.# #@# #..# .# ##Y## #..# # .###
#°°.# #..# # ...## ##○°°## #..# #
....# ###.○...### #..# #
....########.).......########.# #
..............................#
..............................#
.(..#########################.###


You could see an ice statue and an ice beast.

Vanquished Creatures
  Harold (D:7)
  An ugly thing (D:8)
  Joseph (D:8)
  Prince Ribbit (D:7)
  Grinder (D:5)
  Sigmund (D:2)
  Edmund (D:5)
  2 ice beasts
  2 sky beasts (D:8)
  2 ogres (D:4)
  2 phantoms
  7 centaurs
  2 big kobolds
  A bullfrog (D:8)
  A centaur zombie (D:5)
  4 crimson imps
  2 hounds
  2 jellies
  Crazy Yiuf (D:3)
  3 orc priests
  A bullfrog skeleton (D:5)
  Ijyb (D:3)
  8 orc wizards
  4 worker ants
  2 killer bee zombies
  4 gnolls (D:4)
  9 adders
  A shadow imp (D:5)
  3 oozes
  4 adder skeletons
  4 worms
  2 dart slugs
  2 leopard geckos
  28 orcs
  3 giant cockroaches
  5 goblins
  8 hobgoblins
  10 jackals
  3 quokkas
  7 bats
  5 frilled lizards
  19 kobolds
  A leopard gecko skeleton (D:4)
  A quokka skeleton (D:5)
  9 rats
  A fungus (D:3)
183 creatures vanquished.

Notes
Turn   | Place    | Note
-------+----------+-------------------------------------------
     0 | D:1      | 2Bob the Gnoll Wanderer began the quest for the Orb.
     0 | D:1      | 2Bob set off with the following items: a +2 scale mail, a
                  | +0 short sword, a scroll of teleportation {@r3!r}, a ration
     0 | D:1      | Reached XP level 1. HP: 26/26 MP: 3/3
   382 | D:1      | Reached XP level 2. HP: 33/33 MP: 5/5
   793 | D:2      | Reached XP level 3. HP: 38/38 MP: 6/6
  1041 | D:2      | Noticed Sigmund
  1064 | D:2      | Killed Sigmund
  1064 | D:2      | Reached skill level 1 in Long Blades
  1064 | D:2      | Reached skill level 1 in Axes
  1064 | D:2      | Reached skill level 1 in Maces & Flails
  1064 | D:2      | Reached skill level 1 in Polearms
  1064 | D:2      | Reached skill level 1 in Staves
  1064 | D:2      | Reached skill level 1 in Slings
  1064 | D:2      | Reached skill level 1 in Bows
  1064 | D:2      | Reached skill level 1 in Crossbows
  1064 | D:2      | Reached skill level 1 in Throwing
  1064 | D:2      | Reached skill level 1 in Stealth
  1064 | D:2      | Reached skill level 1 in Shields
  1064 | D:2      | Reached skill level 1 in Unarmed Combat
  1064 | D:2      | Reached skill level 1 in Spellcasting
  1064 | D:2      | Reached skill level 1 in Conjurations
  1064 | D:2      | Reached skill level 1 in Hexes
  1064 | D:2      | Reached skill level 1 in Charms
  1064 | D:2      | Reached skill level 1 in Summonings
  1064 | D:2      | Reached skill level 1 in Necromancy
  1064 | D:2      | Reached skill level 1 in Translocations
  1064 | D:2      | Reached skill level 1 in Transmutations
  1064 | D:2      | Reached skill level 1 in Fire Magic
  1064 | D:2      | Reached skill level 1 in Ice Magic
  1064 | D:2      | Reached skill level 1 in Air Magic
  1064 | D:2      | Reached skill level 1 in Earth Magic
  1064 | D:2      | Reached skill level 1 in Poison Magic
  1064 | D:2      | Reached skill level 1 in Invocations
  1064 | D:2      | Reached XP level 4. HP: 26/45 MP: 7/7
  1064 | D:2      | Reached XP level 5. HP: 30/51 MP: 8/8
  1321 | D:2      | Found a hazy altar of Hepliaklqana.
  1332 | D:2      | Found a glowing golden altar of the Shining One.
  1613 | D:3      | Found a faded altar of an unknown god.
  1746 | D:3      | Reached XP level 6. HP: 56/57 MP: 9/9
  1926 | D:3      | Noticed Ijyb
  1964 | D:3      | Killed Ijyb
  1979 | D:3      | Reached skill level 5 in Short Blades
  1979 | D:3      | Reached skill level 5 in Evocations
  2378 | D:3      | Found a runed translucent door.
  2379 | D:3      | Noticed Crazy Yiuf
  2389 | D:3      | Killed Crazy Yiuf
  2965 | D:4      | Got a scorched leather armour
  2976 | D:4      | Identified the +3 leather armour of Hangman {+Inv MR- SInv}
                  | (You found it on level 4 of the Dungeon)
  2988 | D:4      | Reached XP level 7. HP: 63/63 MP: 7/10
  3452 | D:4      | Reached skill level 9 in Fighting
  3850 | D:5      | Entered Level 5 of the Dungeon
  3855 | D:5      | Reached XP level 8. HP: 71/71 MP: 12/12
  3882 | D:5      | Found a stormy altar of Qazlal.
  3882 | D:5      | Found a sacrificial altar of Ru.
  3882 | D:5      | Found an opulent altar of Gozag.
  3882 | D:5      | Found a sparkling altar of Nemelex Xobeh.
  3882 | D:5      | Found a bloodstained altar of Trog.
  3884 | D:5      | Found a white marble altar of Elyvilon.
  3884 | D:5      | Found a hide-covered altar of Uskayaw.
  3884 | D:5      | Found a shattered altar of Ashenzari.
  3915 | D:5      | Became a worshipper of Ru the Awakened
  4242 | D:5      | Noticed Grinder
  4247 | D:5      | Paralysed by Grinder for 5 turns
  4255 | D:5      | Paralysed by Grinder for 6 turns
  4267 | D:5      | Paralysed by Grinder for 2 turns
  4270 | D:5      | Your ally died
  4591 | D:5      | Noticed Edmund
  4783 | D:5      | Killed Edmund
  5213 | D:6      | Found Piobufoo's Distillery.
  5227 | D:6      | Bought a potion of curing for 39 gold pieces
  5227 | D:6      | Bought a potion of heal wounds for 65 gold pieces
  5227 | D:6      | Bought a potion of mutation for 104 gold pieces
  5227 | D:6      | Gained mutation: You evolve. [potion of mutation]
  5227 | D:6      | Gained mutation: Your flesh is heat resistant. (rF+)
                  | [potion of mutation]
  5227 | D:6      | Gained mutation: You are resistant to hostile enchantments.
                  | (MR+) [potion of mutation]
  5396 | D:6      | Found a staircase to the Ecumenical Temple.
  5458 | D:6      | Got an ancient spear
  5459 | D:6      | Identified the +4 spear of False Accusations {drain, rElec
                  | rN+ MR+ Dex+2} (You found it on level 6 of the Dungeon)
  5551 | D:6      | Reached XP level 9. HP: 76/76 MP: 14/14
  5910 | D:6      | Gained mutation: You are somewhat unskilled. (-1 Apt) [Ru
                  | sacrifice]
  5910 | D:6      | Reduced skill Fighting to level 8
  5910 | D:6      | Reduced skill Short Blades to level 5
  5910 | D:6      | Reduced skill Evocations to level 5
  5910 | D:6      | Reached * piety under Ru
  5910 | D:6      | Reached ** piety under Ru
  6175 | D:7      | Found Iceguol's Antique Weapon Shoppe.
  6363 | D:7      | Found Kappuceup's General Store.
  6563 | D:7      | Noticed Harold
  6591 | D:7      | Killed Harold
  6709 | D:7      | Noticed Prince Ribbit
  7022 | D:7      | Killed Prince Ribbit
  7022 | D:7      | Reached skill level 9 in Fighting
  7022 | D:7      | Reached skill level 5 in Armour
  7022 | D:7      | Reached skill level 5 in Dodging
  7022 | D:7      | Reached XP level 10. HP: 71/83 MP: 13/16
  7299 | D:8      | Noticed a brown ugly thing
  7323 | D:8      | Killed a brown ugly thing
  7332 | D:8      | Reached skill level 5 in Invocations
  7669 | D:8      | Noticed an ice statue
  7799 | D:8      | Noticed Joseph
  7822 | D:8      | Killed Joseph
  7866 | D:8      | Gained mutation: You are somewhat inexperienced. (-2 XL)
                  | [Ru sacrifice]
  7866 | D:8      | Reached XP level 9. HP: 56/76 MP: 16/16
  7866 | D:8      | Reached XP level 8. HP: 56/71 MP: 15/15
  7866 | D:8      | Reached *** piety under Ru
  7866 | D:8      | Reached **** piety under Ru
  8031 | D:8      | Engulfed by an ice statue's freezing vapour

Skill      XL: |  1  2  3  4  5  6  7  8  9 10 |
---------------+-------------------------------+-----
Long Blades    | 1 2 3 4 |  4.7
Axes           | 1 2 3 4 |  4.7
Maces & Flails | 1 2 3 4 |  4.7
Polearms       | 1 2 3 4 |  4.7
Staves         | 1 2 3 4 |  4.7
Slings         | 1 2 3 4 |  4.7
Bows           | 1 2 3 4 |  4.7
Crossbows      | 1 2 3 4 |  4.7
Throwing       | 1 2 3 4 |  4.7
Armour         | 3 4 5 |  5.3
Dodging        | 3 4 5 |  5.3
Stealth        | 1 2 3 4 |  4.7
Shields        | 1 2 3 4 |  4.7
Unarmed Combat | 1 2 3 4 |  4.7
Spellcasting   | 1 2 3 4 |  4.7
Conjurations   | 1 2 3 3 |  3.8
Hexes          | 1 2 3 3 |  3.8
Charms         | 1 2 3 3 |  3.8
Summonings     | 1 2 3 3 |  3.8
Necromancy     | 1 2 3 3 |  3.8
Translocations | 1 2 3 3 |  3.8
Transmutations | 1 2 3 3 |  3.8
Fire Magic     | 1 2 3 3 |  3.8
Ice Magic      | 1 2 3 3 |  3.8
Air Magic      | 1 2 3 3 |  3.8
Earth Magic    | 1 2 3 3 |  3.8
Poison Magic   | 1 2 3 3 |  3.8
Invocations    | 1 2 3 4 4 5 |  5.1
Short Blades   | 5 6 6 |  6.3
Evocations     | 5 6 6 |  6.3
Fighting       | 9 9 |  9.2

Action                   |  1- 3 |  4- 6 |  7- 9 | 10-12 || total
-------------------------+-------+-------+-------+-------++-------
Melee: Short sword       |   122 |   245 |   267 |       ||   634
       Bite              |    14 |    23 |    56 |    24 ||   117
       Quarterstaff      |       |     1 |       |       ||     1
       Dagger            |       |       |    49 |       ||    49
       Spear             |       |       |   196 |   136 ||   332
Invok: Power Leap        |       |       |     1 |       ||     1
       Sacrifice Experie |       |       |     1 |       ||     1
       Sacrifice Skill   |       |       |     1 |       ||     1
 Abil: Evoke Invisibilit |       |     1 |    12 |     2 ||    15
Evoke: Wand              |       |       |     4 |       ||     4
  Use: Scroll            |       |     5 |     8 |       ||    13
       Potion            |       |       |     9 |     1 ||    10
 Stab: Invisible         |       |       |    28 |     4 ||    32
       Sleeping          |       |       |     8 |     1 ||     9
  Eat: Chunk             |       |     7 |     9 |     4 ||    20
       Ration            |       |       |     3 |       ||     3
Armor: Scale mail        |    65 |    79 |       |       ||   144
       Leather armour    |       |     2 |    94 |    28 ||   124
Dodge: Dodged            |    65 |   126 |   245 |    66 ||   502
Block: Buckler           |       |     9 |    60 |    29 ||    98
